Map: Whispers of Gold

Players

kokohekmatya

  • Race: Terran Terran
  • League: Diamond
  • Spawn Location: 9:00

llllllllllll - Winner!

  • Race: Protoss Protoss
  • League: Diamond
  • Spawn Location: 5:00

VOD

Have the link to the VOD?

Description

Time

  • Played on: April 25, 2025, 7:08 a.m.
  • Length: 6:41
Show
View Real Time Build Order
Export as new Build Order

kokohekmatya Terran 

Build Orders:  

Get SALT Encoding   

  12  0:00  SCV  
  13  0:12  SCV  
  14  0:18  Supply Depot  
  14  0:24  SCV  
  15  0:40  SCV  
  15  0:42  Barracks  
  16  0:46  Refinery  
  16  0:52  SCV  
  16  0:56  Refinery  
  17  1:04  SCV  
  18  1:16  SCV  
  19  1:28  Orbital Command  
  19  1:29  Reaper  
  20  1:38  Supply Depot  
  20  1:52  Factory  
  20  1:54  SCV  
  21  2:01  Reaper  
  23  2:08  SCV  
  23  2:22  Bunker  
  23  2:25  Bunker  
  23  2:26  Supply Depot  
  23  2:29  SCV  
  24  2:36  Marine  
  23  2:45  Hellion  
  23  2:53  SCV  
  23  2:54  Marine  
  22  3:05  SCV  
  22  3:08  Hellion  
  21  3:14  Marine  
  21  3:19  SCV  
  17  3:31  Hellion  
  17  3:32  Marine  
  16  3:34  SCV  
  12  3:50  SCV, Marine  
  14  4:02  SCV  
  15  4:10  Marine  
  15  4:14  SCV, Factory Tech Lab  
  17  4:26  SCV  
  19  4:39  Siege Tank  
  19  4:40  SCV  
  22  4:46  Marine  
  22  4:52  SCV  
  24  5:04  SCV  
  25  5:10  Starport  
  25  5:17  SCV  
  26  5:29  SCV  
  26  5:30  Barracks Reactor  
  27  5:41  SCV  
  28  5:53  SCV  
  29  6:04  Medivac  
  29  6:05  SCV  
  29  6:09  Marine x2  
Show
View Real Time Build Order
Export as new Build Order

llllllllllll Protoss - Winner!

Build Orders:  

Get SALT Encoding   

  12  0:01  Probe  
  13  0:13  Probe  
  14  0:19  Pylon  
  14  0:26  Probe  
  15  0:37  Gateway  
  15  0:42  Assimilator  
  15  0:50  Pylon  
  15  1:08  Gateway  
  15  1:15  Gateway  
  15  1:31  Cybernetics Core  
  15  1:35  Probe  
  16  1:47  Probe  
  17  1:55  Stalker x2  
  21  2:10  Pylon  
  21  2:21  Stalker x2  
  21  2:29  Probe  
  26  2:41  Probe  
  27  2:48  Stalker  
  29  2:53  Probe  
  30  3:05  Probe  
  31  3:18  Stalker  
  31  3:22  Assimilator  
  31  3:24  Stalker  
  31  3:27  Pylon  
  31  3:42  Stalker  
  31  3:44  Probe  
  30  3:55  Warp Gate  
  30  3:56  Probe  
  30  3:58  Pylon  
  31  4:12  Twilight Council  
  31  4:29  Robotics Facility  
  29  4:32  Gateway  
  29  4:38  Shield Battery  
  29  4:40  Shield Battery  
  29  5:01  Gateway  
  29  5:04  Gateway  
  29  5:09  Warp Prism  
  31  5:48  Pylon  
  31  5:50  Pylon  
  31  5:51  Pylon  
  31  6:10  Stalker  
  31  6:11  Stalker x3  
  37  6:35  Stalker x3  
Tags
 
Add a new tag
Caveats
  • Supply blocks, unpowered buildings, or Contaminate may cause inaccurate times.
  • Supply counts are checked every 10 seconds.